 Dungeon Crawl Stone Soup version 0.19-a0-1773-gaa448fe (webtiles) character file.

15 Dustbunny the Sneak (level 2, -8/15 HPs)
             Began as a Spriggan Assassin on Oct 17, 2016.
             Killed by nerve-wracking pain
             ... invoked by Grinder
              (11 damage)
             ... on level 3 of the Dungeon.
             The game lasted 00:04:51 (1171 turns).

Dustbunny the Sneak (Spriggan Assassin)             Turns: 1171, Time: 00:04:52

Health: -8/15      AC:  3    Str:  7    XL:     2   Next: 34%
Magic:  3/3        EV: 17    Int: 12    God:
Gold:   41         SH:  0    Dex: 17    Spells: 0 memorised, 1 level left

rFire  . . .     SeeInvis +     a - +2 dagger
rCold  . . .     Gourm    .     c - +0 robe
rNeg   . . .     Faith    .     (shield restricted)
rPois  .         Spirit   .     (helmet restricted)
rElec  .         Dismiss  .     d - +0 cloak
rCorr  .         Reflect  .     (gloves unavailable)
MR     .....     Harm     .     (boots unavailable)
Stlth  ++++......               (no amulet)
                                (no ring)
                                (no ring)

@: very quick
A: unfitting armour, see invisible, herbivore 3, speed 3, slow metabolism 2
a: no special abilities


You were on level 3 of the Dungeon.
You were not hungry.

You visited 1 branch of the dungeon, and saw 3 of its levels.

You collected 41 gold pieces.

Inventory:

Hand Weapons
 a - a +2 dagger (weapon)
 b - a +0 blowgun
 m - a +0 club
Missiles
 e - 8 poisoned needles
 f - 2 curare-tipped needles
 n - 77 bolts
Armour
 c - a +0 robe (worn)
 d - a +0 cloak (worn)
Jewellery
 o - a +5 ring of intelligence {unknown}
 q - an uncursed ring of positive energy {unknown}
Scrolls
 i - 2 scrolls of fear {unknown}
 j - a scroll of remove curse {unknown}
 k - 2 scrolls of enchant weapon {unknown}
 p - a scroll of identify {unknown}
Comestibles
 g - a bread ration
 l - a meat ration


   Skills:
 + Level 1.7 Fighting
 + Level 2.4 Short Blades
 + Level 2.0 Throwing
 + Level 1.7 Dodging
 + Level 6.4 Stealth


You had one spell level left.
You didn't know any spells.

Dungeon Overview and Level Annotations

Branches:
Dungeon (3/15)

Altars:

Annotations:
D:2 Sigmund
D:3 Grinder


Innate Abilities, Weirdness & Mutations

You are very small and have problems with some larger weapons.
You are too small for most types of armour.
You have supernaturally acute eyesight. (SInv)
You are a herbivore.
You cover ground extremely quickly.
You need consume almost no food.


Message History

The adder barely misses you. The kobold closely misses you.
You closely miss the adder.
The adder is heavily wounded.
The adder bites you.
Sigmund hits you from afar with a scythe!
Ouch! That really hurt!
* * * LOW HITPOINT WARNING * * *
The kobold closely misses you. Sigmund barely misses you.
There is an escape hatch in the floor here.
You slide downwards.
The hatch slams shut behind you.
You hear the sound of rushing water.
There is an entrance to a sewer on this level.
Hurry and find it before the portal rusts away!
A goblin and Grinder come into view.
There are monsters nearby!
The goblin shouts!
Grinder shouts!
Grinder gestures at you. Pain shoots through your body!
Ouch! That really hurt!
You die...

### #..
## # ..
.. #.
♣.♣.# #.#
.⌠..#
#.#g..#
#@#
##....5..
#......
..#### .#
.# #


You could see Grinder and a goblin.

Vanquished Creatures
  A dart slug (D:1)
  A leopard gecko (D:1)
  3 goblins (D:1)
  2 hobgoblins (D:1)
  2 kobolds (D:1)
  A ball python (D:1)
  A rat (D:1)
11 creatures vanquished.

Notes
Turn   | Place    | Note
-------+----------+-------------------------------------------
     0 | D:1      | Dustbunny the Spriggan Assassin began the quest for the Orb.
     0 | D:1      | Reached XP level 1. HP: 10/10 MP: 2/2
   274 | D:1      | Reached skill level 6 in Stealth
   597 | D:1      | Reached XP level 2. HP: 14/14 MP: 3/3
  1138 | D:2      | Noticed Sigmund
  1167 | D:3      | Noticed Grinder
  1171 | D:3      | Killed from afar by Grinder

Vault maps used:
D:1:      minmay_arrival_radiant_lines, supply_closet_lemuel
D:2:      nicolae_overflow_crystal_walls, uniq_natasha, uniq_sigmund, uniq_robin
D:3:      overflow_temple_1_default, portal_sewer_entry_f, first_bread,
          ecumenical_altar_1, hangedman_feature_mirror, minmay_cut_off,
          uniq_jessica, uniq_grinder

Skill      XL: |  1 |
---------------+----+-----
Stealth        | 6 |  6.4
Fighting       | |  1.7
Short Blades   | |  2.4
Throwing       | |  2.0
Dodging        | |  1.7

Action                   || total
-------------------------++-------
Melee: Dagger            ||    49
  Use: Potion            ||     1
 Stab: Sleeping          ||     2
Armor: Robe              ||     6
Dodge: Dodged            ||    40
